 Dungeon Crawl Stone Soup version 0.28-a0-612-gcfc00ec14d (webtiles) character file.

Game seed: 12211692191642085883

497 siradein the Sneak (level 6, -5/52 HPs)
             Began as a Draconian Brigand on Oct 6, 2021.
             Succumbed to a hornet's poison
             ... on level 4 of the Dungeon.
             The game lasted 00:07:38 (3481 turns).

siradein the Sneak (Draconian Brigand)              Turns: 3481, Time: 00:07:39

Health: -5/52      AC:  7    Str: 14    XL:     6   Next: 93%
Magic:  2/2        EV: 13    Int: 11    God:
Gold:   186        SH:  0    Dex: 14    Spells: 5/5 levels left

rFire   . . .      SeeInvis .   v - +8 hand axe of the Present {antimagic, Will++}
rCold   . . .      Faith    .   (no shield)
rNeg    . . .      Spirit   .   (armour unavailable)
rPois   .          Reflect  .   (helmet restricted)
rElec   .          Harm     .   b - +0 cloak
rCorr   .          Rampage  .   (no gloves)
Will    ++...                   (no boots)
Stlth   +++.......              (no amulet)
HPRegen 0.17/turn               (no ring)
MPRegen 0.08/turn               (no ring)

@: lethally poisoned (-5 -> -32), slowed, very slow
A: AC +6, unfitting armour, cold-blooded
a: no special abilities


You were on level 4 of the Dungeon.
You visited 1 branch of the dungeon, and saw 4 of its levels.
You also visited: Ossuary.

You collected 186 gold pieces.

Inventory:

Hand Weapons
 m - a +3 dagger
 v - the +8 hand axe of the Present (weapon) {antimagic, Will++}
   (You found it on level 4 of the Dungeon)

   It reduces the magical energy of the wielder, and disrupts the spells and
   magical abilities of those it strikes.
   Natural abilities and divine invocations are not affected.
   Will:      It greatly increases your willpower.
Missiles
 c - 42 poisoned darts (quivered)
 d - 6 curare-tipped darts
 h - 53 stones
Armour
 b - a +0 cloak (worn)
Magical Staves
 e - a staff of fire
Wands
 g - a wand of charming (11)
Scrolls
 a - a scroll of amnesia {unknown}
 i - a scroll of silence {unknown}
 j - a scroll of identify
 l - a scroll of fear {unknown}
 n - 2 scrolls of fog {unknown}
 o - a scroll of teleportation {unknown}
 u - a scroll of acquirement {unknown}
Potions
 f - a potion of degeneration {unknown}
 k - 3 potions of heal wounds
 p - a potion of magic {unknown}
 q - a potion of lignification {unknown}
 r - a potion of resistance {unknown}
 s - a potion of mutation {unknown}
 t - 2 potions of might


   Skills:
 + Level 4.1 Fighting
 + Level 3.7 Short Blades
 + Level 3.4 Throwing
 + Level 2.9 Dodging
 + Level 4.8 Stealth


You had 5 spell levels left.
You didn't know any spells.
Your spell library contained the following spells:

 Spells                   Type           Power      Damage    Failure   Level
 Static Discharge         Conj/Air       0%         N/A       47%         2
 Lightning Bolt           Conj/Air       0%         1d11      100%        5
 Maxwell's Capacitive Co  Air            0%         ∞         100%        8


Dungeon Overview and Level Annotations

Branches:
Dungeon (4/15)            Ossuary (visited)
 Temple: D:4-7

Altars:
Cheibriados
Trog

Annotations:
D:2 1 runed translucent door, Crazy Yiuf
D:4 1 runed translucent door, SkeletonJelly's ghost, novice VSTm


Innate Abilities, Weirdness & Mutations

Your plain brown scales are hard. (AC +6)
You cannot fit into any form of body armour.
You are cold-blooded and may be slowed by cold attacks.


Message History

You throw a poisoned dart. The poisoned dart hits the hornet.
The hornet is poisoned.
The hornet buzzes angrily.
You hear a shout!
Throw: 44 darts (poison)
Press: ? - help, Q - select action, (/) - cycle Shift-Dir - straight line, f/p - hornet
Aim: a hornet (lightly wounded, poisoned, 48% to hit)
You throw a poisoned dart.
The poisoned dart barely misses the hornet.
Unknown command.
Throw: 43 darts (poison)
Press: ? - help, Q - select action, (/) - cycle Shift-Dir - straight line, f/p - hornet
Aim: a hornet (lightly wounded, poisoned, 48% to hit)
You throw a poisoned dart. The poisoned dart hits the hornet.
The hornet looks even sicker.
The hornet is lightly wounded.
You barely miss the hornet.
The hornet is lightly wounded.
The hornet stings you!
You are poisoned.
You feel yourself slow down.
The hornet stings you but does no damage.
You closely miss the hornet.
Your tail-slap misses the hornet.
The hornet is moderately wounded.
You feel very sick. The hornet misses you. The hornet barely misses you.
The hornet stings you!
You are more poisoned.
You feel as though you will be slow longer.
You hit the hornet.
The hornet is heavily wounded.
You feel extremely sick. The hornet stings you!
* * * LOW HITPOINT WARNING * * *
You are more poisoned.
You feel as though you will be slow longer.
The hornet stings you!
* * * LOW HITPOINT WARNING * * *
You feel as though you will be slow longer.
The hornet stings you but does no damage.
You die...

....... ........ ..y...... # ##
#......... # .##.....o(... #
............(####################
..............(y...............##
.###.........###)................
.## ....... ##@##############..
..######.#### #..........# #.#
.........................# ##.#
....####.######..........#####..#
..÷......# #.......(..........
.#..####.# #..................
.#...# #.................. .#.#.#
.. #.........†........ .#.#.## .#
#..................


You could see a hornet (poisoned).

Vanquished Creatures
  An ogre (D:4)
  4 water moccasin zombies (Ossuary)
  2 mummies (Ossuary)
  5 adders
  2 worm zombies (D:4)
  5 adder zombies (Ossuary)
  A dart slug (D:4)
  3 orcs
  6 bats
  5 endoplasms
  4 giant cockroaches
  4 gnoll zombies (Ossuary)
  7 goblins
  6 hobgoblins
  8 kobolds
  3 quokkas
  7 ball pythons
  7 frilled lizards
  7 hobgoblin zombies (Ossuary)
  5 kobold zombies (Ossuary)
  4 orc zombies (Ossuary)
  7 rats
103 creatures vanquished.

Vanquished Creatures (others)
  A wizard (D:3)
1 creature vanquished.

Grand Total: 104 creatures vanquished

Notes
Turn   | Place    | Note
-------+----------+-------------------------------------------
     0 | D:1      | siradein the Draconian Brigand began the quest for the Orb.
     0 | D:1      | Reached XP level 1. HP: 17/17 MP: 1/1
    43 | D:1      | Reached skill level 1 in Dodging
   149 | D:1      | Reached XP level 2. HP: 24/25 MP: 2/2
   324 | D:1      | Found a faded altar of an unknown god.
   602 | D:1      | Reached XP level 3. HP: 30/30 MP: 3/3
  1291 | D:2      | Found a runed translucent door.
  1292 | D:2      | Noticed Crazy Yiuf
  1639 | D:3      | Reached XP level 4. HP: 37/37 MP: 4/4
  2356 | D:3      | Found a bloodstained altar of Trog.
  2359 | D:3      | Noticed a wizard
  2364 | D:3      | Killed a wizard
  2439 | D:4      | Noticed an ogre
  2477 | D:4      | Killed an ogre
  2478 | D:4      | Reached XP level 5. HP: 35/45 MP: 5/5
  2504 | D:4      | Found a runed translucent door.
  2504 | D:4      | Noticed SkeletonJelly's ghost (novice VSTm)
  2578 | D:4      | Found a sand-covered staircase.
  2683 | Ossuary  | Entered an ossuary
  2779 | Ossuary  | Reached XP level 6. HP: 34/51 MP: 6/6
  3243 | D:4      | Noticed a hornet
  3353 | D:4      | Found a snail-covered altar of Cheibriados.
  3451 | D:4      | Identified the +8 hand axe of the Present {antimagic,
                  | Will++}
  3481 | D:4      | Succumbed to a hornet's poison

Illustrated notes

Levels and vault maps discovered:
D:1:      giann_wishing_wells, layout_loops_ring, basic_ecumenical_altar,
          minmay_lizard_pond
D:2:      layout_loops_ring, uniq_crazy_yiuf_cottage
D:3:      layout_loops_ring, trog_wizard, chequers_serial_rivers_large_a
D:4:      hellmonk_ghost_happy_afterlife, layout_rooms, kennysheep_slug_shrine,
          minmay_temple_entry_poolview, enter_ossuary_3

Skill      XL: |  1  2  3  4  5  6 |
---------------+-------------------+-----
Dodging        | 1 2 |  2.9
Throwing       | 2 3 |  3.4
Stealth        | 4 |  4.8
Fighting       | 3 4 |  4.1
Short Blades   | 3 |  3.7

Action                   |  1- 3 |  4- 6 || total
-------------------------+-------+-------++-------
Melee: Dagger            |   101 |   249 ||   350
       Tailslap          |     9 |    37 ||    46
       Hand axe          |       |     4 ||     4
Throw: Dart              |       |     6 ||     6
  Use: Scroll            |       |     2 ||     2
 Stab: Sleeping          |    11 |     6 ||    17
Armor: Skin              |    26 |    62 ||    88
Dodge: Dodged            |    55 |   110 ||   165

Table legend: (Time is in decaauts)
 A = Elapsed time spent in this place.
 B = Non-inter-level travel time spent in this place.
 C = Inter-level travel time spent in this place.
 D = Time resting spent in this place.
 E = Time spent auto-exploring this place.
 F = Levels seen in this place.
 G = Mean time per level.
                   A        B        C        D        E       F      G
               +--------+--------+--------+--------+--------+-----+--------+
         Total |   3443 |   3386 |     57 |     83 |   2472 |   5 |  688.6 |
       Dungeon |   2918 |   2861 |     57 |     69 |   2154 |   4 |  729.5 |
       Ossuary |    525 |    525 |      0 |     14 |    318 |   1 |  525.0 |
               +--------+--------+--------+--------+--------+-----+--------+

Top non-repeatable levels by time:
     D:1: 836 daAuts
     D:3: 831 daAuts
     D:2: 749 daAuts
 Ossuary: 525 daAuts
     D:4: 501 daAuts
